 Dungeon Crawl Stone Soup version 0.27-a0-1189-gb8eb6cee8e (webtiles) character file.

Game seed: 13051437391751067002

26351 Essalna the Fighter (level 13, -7/103 HPs)
             Began as a Djinni Venom Mage on May 23, 2021.
             Was a Priest of Makhleb.
             Mangled by a sixfirhy (9 damage)
             ... on level 2 of the Abyss.
             The game lasted 00:40:49 (15455 turns).

Essalna the Fighter (Djinni Venom Mage)            Turns: 15455, Time: 00:40:49

Health: -7/103     AC:  8    Str:  7    XL:     13   Next: 57%
Gold:   1057       EV: 16    Int: 21    God:    Makhleb [***...] SH:  0 Dex: 15

rFire    + + +     SeeInvis .   k - +2 dagger (venom)
rCold    x x .     Faith    .   (no shield)
rNeg     . . .     Spirit   .   J - +0 troll leather armour
rPois    ∞         Reflect  .   (no helmet)
rElec    .         Harm     .   i - +0 cloak
rCorr    .         Rampage  .   v - +1 pair of gloves
Will     +....                  (boots unavailable)
Stlth    ++........             N - amulet of regeneration
HPRegen  0.27/turn              c - ring of fire
MPRegen  0.00/turn              x - ring of wizardry

@: flying, studying Spellcasting
A: sickness immunity, fire resistance 2, cold vulnerability 1, float, innate
caster, hp casting, extra vitality 1
a: Renounce Religion, Minor Destruction, Lesser Servant of Makhleb


You were on level 2 of the Abyss.
You worshipped Makhleb.
Makhleb was most pleased with you.
You visited 3 branches of the dungeon, and saw 12 of its levels.
You visited the Abyss 1 time.
You also visited: Bailey and Volcano.

You collected 1057 gold pieces.

Inventory:

Hand Weapons
 j - a +1 spear
 k - a +2 dagger of venom (weapon)
Missiles
 f - 10 boomerangs of dispersal
Armour
 a - a +0 robe
 i - a +0 cloak (worn)
 l - a +2 robe of willpower
 v - a +1 pair of gloves (worn)
 z - +0 steam dragon scales
 J - a +0 troll leather armour (worn)
 K - a +1 robe of fire resistance
Magical Staves
 n - a staff of cold
 o - a staff of death
Jewellery
 c - a ring of fire (left hand)
 p - the ring of Knowledge {Fly Dex+7}
   (You found it on level 9 of the Dungeon)

   [ring of flight]

   It affects your dexterity (+7).
   It grants you flight.
 u - an amulet of reflection
 w - a +6 ring of strength
 x - a ring of wizardry (right hand)
 D - a ring of fire
 E - an amulet of magic regeneration
 H - a ring of positive energy
 L - a ring of wizardry
 N - an amulet of regeneration (around neck)
Wands
 m - a wand of paralysis (8)
 s - a wand of acid (4)
 t - a wand of digging (6)
 y - a wand of iceblast (20)
 C - a wand of polymorph (18)
Scrolls
 b - 2 scrolls of enchant armour
 h - 2 scrolls of fog
 q - 3 scrolls of teleportation
Potions
 d - 2 potions of brilliance
 e - 2 potions of flight
 g - 4 potions of lignification
 r - 2 potions of curing
 A - 2 potions of might
 B - 3 potions of haste {unknown}
 F - a potion of invisibility
 G - 3 potions of heal wounds
 I - a potion of magic
 M - 2 potions of berserk rage {unknown}


   Skills:
 + Level 13.1 Fighting
 - Level 6.2 Armour
 + Level 9.9 Dodging
 - Level 1.5 Stealth
 + Level 11.6 Spellcasting


You had 3 spell levels left.
You knew the following spells:

 Your Spells              Type           Power      Damage    Failure   Level
a - Sting                 Tmut/Pois      100%       1d8       1%          1
b - Poisonous Vapours     Pois/Air       100%       N/A       1%          2
c - Mephitic Cloud        Conj/Pois/Air  57%        N/A       1%          3
d - Ignite Poison         Fire/Tmut/Pois 75%        N/A       1%          3
e - Olgreb's Toxic Radia  Pois           57%        N/A       1%          4
f - Summon Small Mammal   Summ           100%       N/A       1%          1
g - Blink                 Tloc           N/A        N/A       1%          2
h - Stone Arrow           Conj/Erth      100%       3d13      1%          3
i - Iskenderun's Mystic   Conj/Tloc      57%        2d12      1%          4
j - Passage of Golubria   Tloc           N/A        N/A       1%          4
k - Borgnjor's Vile Clut  Necr/Erth      28%        N/A       1%          5
Your spell library was empty.

Dungeon Overview and Level Annotations

Branches:
Dungeon (9/15)             Temple (1/1) D:5             Orc (2/2) D:9
 Bailey (visited)         Volcano (visited)
   Lair: D:8-11         Elf: Orc:2

Altars:
Ashenzari
Cheibriados
Dithmenos
Elyvilon
Fedhas
Gozag
Hepliaklqana
Kikubaaqudgha
Makhleb
Nemelex Xobeh
Okawaru
Qazlal
Ru
Sif Muna
Trog
Uskayaw
Vehumet
Wu Jian
Xom
Yredelemnul
Zin
The Shining One
Jiyva

Shops:
D:6 (!=*(

Annotations:
D:9 2 transporters


Innate Abilities, Weirdness & Mutations

You are immune to sickness and miasma.
You are immune to poison.
Your flesh is very heat resistant. (rF++)
You are vulnerable to cold. (rC-)
You float through the air rather than walking.
You learn spells naturally, not from books.
Your magical power is your life essence.
You have superior vitality. (+4 HP)


Message History

The sixfirhy shocks you! The sixfirhy closely misses you.
Casting: Stone Arrow (safe; 1% risk of failure)
Confirm with . or Enter, or press ? or * to list all spells.
Aiming: Stone Arrow (safe; 1% risk of failure)
Press: ? - help, Shift-Dir - straight line, f/p - sixfirhy
Aim: a sixfirhy (50% to hit)
The stone arrow misses the sixfirhy.
Casting: Stone Arrow (safe; 1% risk of failure)
Confirm with . or Enter, or press ? or * to list all spells.
Aiming: Stone Arrow (safe; 1% risk of failure)
Press: ? - help, Shift-Dir - straight line, f/p - sixfirhy
Aim: a sixfirhy (50% to hit)
The stone arrow misses the sixfirhy.
The ancient zyme misses you.
The ancient zyme hits you but does no damage.
Casting: Stone Arrow (safe; 1% risk of failure)
Confirm with . or Enter, or press ? or * to list all spells.
Aiming: Stone Arrow (safe; 1% risk of failure)
Press: ? - help, Shift-Dir - straight line, f/p - sixfirhy
Aim: a sixfirhy (50% to hit)
The stone arrow hits the sixfirhy!
The sixfirhy is moderately wounded.
The sixfirhy hits you!
* * * LOW HITPOINT WARNING * * *
The sixfirhy shocks you!
* * * LOW HITPOINT WARNING * * *
The sixfirhy misses you. The sixfirhy barely misses you.
The ancient zyme barely misses you. The ancient zyme closely misses you.
Casting: Stone Arrow (safe; 1% risk of failure)
Confirm with . or Enter, or press ? or * to list all spells.
Aiming: Stone Arrow (safe; 1% risk of failure)
Press: ? - help, Shift-Dir - straight line, f/p - sixfirhy
Aim: a sixfirhy (moderately wounded, 50% to hit)
The stone arrow hits the sixfirhy!!
The sixfirhy is almost dead.
* * * LOW HITPOINT WARNING * * *
The sixfirhy closely misses you. The sixfirhy misses you.
The sixfirhy closely misses you. The sixfirhy hits you!
* * * LOW HITPOINT WARNING * * *
The sixfirhy shocks you!
You die...

## ..# # .# ..
#. .#.. ... .#.
..#.. ...## #x3#
###@# #....#
#### #..#.# ###
#....#.##
#......#..#.####
#.....#.... .. #
....#.#.##.####.
######..# #.. #
##.. .# ..


You could see an ancient zyme and a sixfirhy.

Vanquished Creatures
  2 orc warlords
  A dancing weapon (Volcano)
  3 two-headed ogres
  A thrashing horror (Abyss:2)
  A large abomination (Abyss:2)
  4 wizards (Volcano)
  An orc knight (Orc:2)
  5 toenail golems (Volcano)
  Maggie (D:6)
  2 trolls (Orc:2)
  A hornet (D:7)
  A jumping spider (shapeshifter) (D:9)
  A wyvern (D:9)
  12 yaks
  3 fire bats (Orc:2)
  2 steam dragons
  A warg (Orc:2)
  2 acid dragons
  3 water moccasins (D:7)
  2 sky beasts
  21 orc warriors
  2 black bears (D:5)
  An ice beast (D:5)
  2 necrophages (D:5)
  4 ogres
  2 centaurs (D:9)
  A phantom (D:5)
  2 small abominations (Abyss:2)
  2 bullfrogs
  A wyvern zombie (D:7)
  9 killer bees
  2 electric eels (D:6)
  A howler monkey (D:6)
  2 hounds (D:5)
  A quasit (Abyss:2)
  5 centaur zombies
  2 bullfrog skeletons (D:6)
  A centaur skeleton (D:7)
  13 orc priests
  An iguana (D:4)
  13 orc wizards
  A hound skeleton (D:4)
  9 gnolls
  2 adders (D:5)
  A shadow imp (D:6)
  A white imp (D:8)
  An adder zombie (D:5)
  A worm (D:3)
  4 dart slugs
  38 orcs
  6 ball pythons
  9 endoplasms
  2 giant cockroaches (D:3)
  10 goblins
  10 hobgoblins
  4 jackals (D:4)
  5 quokkas
  5 bats
  2 frilled lizards
  20 kobolds
  4 rats
272 creatures vanquished.

Vanquished Creatures (collateral kills)
  An endoplasm (D:1)
1 creature vanquished.

Vanquished Creatures (others)
  4 bushes (D:8)
  14 plants (D:6)
18 creatures vanquished.

Grand Total: 291 creatures vanquished

Notes
Turn   | Place    | Note
-------+----------+-------------------------------------------
     0 | D:1      | Essalna the Djinni Venom Mage began the quest for the Orb.
     0 | D:1      | Reached XP level 1. HP: 15/15 MP: 0/0
   309 | D:1      | Reached skill level 1 in Fighting
   309 | D:1      | Reached XP level 2. HP: 16/22 MP: 0/0
   830 | D:1      | Reached XP level 3. HP: 10/27 MP: 0/0
   830 | D:1      | Learned a level 1 spell: Summon Small Mammal
  2023 | D:2      | Reached skill level 2 in Fighting
  2435 | D:2      | Reached XP level 4. HP: 21/34 MP: 0/0
  3153 | D:2      | Reached XP level 5. HP: 32/40 MP: 0/0
  3153 | D:2      | Learned a level 2 spell: Blink
  3160 | D:2      | Reached skill level 3 in Fighting
  4668 | D:4      | Noticed an ogre
  4669 | D:4      | Noticed an ogre
  4674 | D:4      | Killed an ogre
  4675 | D:4      | Reached skill level 4 in Fighting
  4675 | D:4      | Reached XP level 6. HP: 34/47 MP: 0/0
  4688 | D:4      | Killed an ogre
  4807 | D:4      | Reached XP level 7. HP: 50/53 MP: 0/0
  4807 | D:4      | Learned a level 3 spell: Stone Arrow
  5127 | D:4      | Noticed an air elemental
  5129 | D:4      | Found a stormy altar of Qazlal.
  5131 | D:4      | Noticed a water elemental
  5131 | D:4      | Noticed a fire elemental
  5233 | D:4      | Found a basalt altar of Yredelemnul.
  5239 | D:4      | Found a glowing golden altar of the Shining One.
  5251 | D:4      | Noticed an angel
  5386 | D:5      | Entered Level 5 of the Dungeon
  6153 | D:5      | Reached skill level 5 in Fighting
  6248 | D:5      | Noticed an acid dragon
  6255 | D:5      | Killed an acid dragon
  6365 | D:5      | Reached skill level 5 in Spellcasting
  6383 | D:5      | Reached XP level 8. HP: 23/60 MP: 0/0
  6841 | D:5      | Reached skill level 6 in Fighting
  6991 | D:5      | Found a staircase to the Ecumenical Temple.
  7010 | Temple   | Entered the Ecumenical Temple
  7621 | D:5      | Reached skill level 7 in Fighting
  7623 | D:5      | Reached XP level 9. HP: 53/68 MP: 0/0
  7623 | D:5      | Learned a level 4 spell: Iskenderun's Mystic Blast
  8032 | D:6      | Found Hevod's Antique Weapon Shop.
  8245 | D:6      | Noticed Maggie
  8255 | D:6      | Killed Maggie
  8256 | D:6      | Reached skill level 8 in Fighting
  8445 | D:6      | Found Zysoas's General Store.
  8458 | D:6      | Reached skill level 1 in Armour
  8592 | D:6      | Found Yffoaph's Distillery.
  8723 | D:6      | Found Gakhaoru's Jewellery Shoppe.
  8933 | D:6      | Found Bacs's Weapon Shoppe.
  8958 | D:6      | Reached XP level 10. HP: 35/77 MP: 0/0
  9777 | D:7      | Reached skill level 9 in Fighting
 10295 | D:8      | Reached skill level 5 in Dodging
 10436 | D:8      | Noticed a two-headed ogre
 10451 | D:8      | Found a burning altar of Makhleb.
 11101 | D:8      | Killed a two-headed ogre
 11377 | D:8      | Became a worshipper of Makhleb the Destroyer
 11644 | D:8      | Reached skill level 5 in Armour
 11644 | D:8      | Reached XP level 11. HP: 75/85 MP: 0/0
 11644 | D:8      | Learned a level 4 spell: Passage of Golubria
 12051 | D:9      | Noticed a two-headed ogre
 12057 | D:9      | Killed a two-headed ogre
 12058 | D:9      | Reached skill level 10 in Fighting
 12063 | D:9      | Found a staircase to the Orcish Mines.
 12105 | D:9      | Found a flagged portal.
 12116 | Bailey   | Entered a bailey
 12380 | Bailey   | Noticed an orc warlord
 12492 | Bailey   | Found a runed translucent gate.
 12492 | Bailey   | Found a runed translucent gate.
 12492 | Bailey   | Found a runed translucent gate.
 12523 | Bailey   | Reached * piety under Makhleb
 12705 | Bailey   | Killed an orc warlord
 13067 | Bailey   | Reached skill level 11 in Fighting
 13067 | Bailey   | Reached XP level 12. HP: 95/95 MP: 0/0
 13075 | D:9      | Identified a scroll of acquirement
 13075 | D:9      | Acquired a manual of Spellcasting
 13367 | D:9      | Reached skill level 12 in Fighting
 13574 | D:9      | Found a transporter.
 13827 | D:9      | Identified the ring of Knowledge {Fly Dex+7}
 14105 | D:9      | Found a transporter.
 14109 | D:9      | Found a shadowy altar of Dithmenos.
 14118 | D:9      | Found a sacrificial altar of Ru.
 14122 | D:9      | Found a broken altar of Ashenzari.
 14223 | D:9      | Found a viscous altar of Jiyva.
 14238 | Orc:1    | Entered Level 1 of the Orcish Mines
 14238 | Orc:1    | Noticed a two-headed ogre
 14242 | Orc:1    | Killed a two-headed ogre
 14243 | Orc:1    | Reached skill level 10 in Spellcasting
 14311 | Orc:2    | Entered Level 2 of the Orcish Mines
 14536 | Orc:2    | Reached ** piety under Makhleb
 14553 | Orc:2    | Noticed an orc warlord
 14578 | Orc:2    | Killed an orc warlord
 14579 | Orc:2    | Reached XP level 13. HP: 16/102 MP: 0/0
 14579 | Orc:2    | Learned a level 5 spell: Borgnjor's Vile Clutch
 14812 | Orc:2    | Found a dark tunnel.
 14853 | Volcano  | Entered a volcano
 15171 | Volcano  | Reached skill level 13 in Fighting
 15253 | Volcano  | Reached *** piety under Makhleb
 15284 | Volcano  | Cast into level 2 of the Abyss (a wizard)
 15455 | Abyss:2  | HP: 2/103 [sixfirhy (8)]
 15455 | Abyss:2  | Mangled by a sixfirhy

Illustrated notes

Levels and vault maps discovered:
D:1:      ncdulo_watergridlock, layout_loops_ring
D:2:      layout_loops_ring, basic_altar
D:3:      layout_loops_ring, grunt_ministairs_10, minmay_misc_feat_doors
D:4:      layout_basic, grunt_temple_overflow_holy_war,
          nicolae_qazlal_style_of_elements
D:5:      kennysheep_six_static_rooms, layout_loops_ring,
          minmay_temple_entry_proselytizer
D:6:      layout_basic, serial_shops, shop, shop, shop_statue, shop_fountains,
          kennysheep_little_box, chequers_big_river, uniq_maggie
D:7:      layout_basic
D:8:      layout_gridville, bloody_makhleb, minmay_hedge_maze, st_stairs_6,
          chequers_serial_rivers_small_a
D:9:      gammafunk_jiyva_shrine, layout_cave_pods, minitemple, orc_0_dummy,
          enter_bailey_6, lemuel_old_faithful
Temple:   nicolae_temple_figure_eight
Orc:1:    layout_caves, serial_shops, basic_altar
Orc:2:    st_orc_elflike, layout_diamond_mine, nicolae_volcano_entry_batcave
Abyss:2:  base: D:5, bh_abyss_exit_choice
Volcano:  volcano_bunker

Skill      XL: |  1  2  3  4  5  6  7  8  9 10 11 12 13 |
---------------+----------------------------------------+-----
Fighting       | 1 2 4 5 7 8 9 11 12 13 | 13.1
Spellcasting   | 3 4 5 6 7 8 9 10 11 | 11.6
Armour         | 2 5 6 |  6.2
Dodging        | 3 6 7 8 9 |  9.9
Stealth        | |  1.5

Action                   |  1- 3 |  4- 6 |  7- 9 | 10-12 | 13-15 || total
-------------------------+-------+-------+-------+-------+-------++-------
Melee: Unarmed           |     5 |       |       |       |       ||     5
       Dagger            |       |    17 |    21 |    15 |     3 ||    56
       Spear             |       |     5 |       |       |       ||     5
 Cast: Sting             |    76 |    41 |    14 |     4 |       ||   135
       Summon Small Mamm |     1 |       |       |       |       ||     1
       Poisonous Vapours |       |    34 |    93 |   103 |    16 ||   246
       Blink             |       |     1 |     1 |    15 |     2 ||    19
       Stone Arrow       |       |       |    36 |    27 |    36 ||    99
       Ignite Poison     |       |       |     3 |    24 |     8 ||    35
       Olgreb's Toxic Ra |       |       |     2 |    30 |     7 ||    39
       Passage of Golubr |       |       |       |     1 |       ||     1
       Borgnjor's Vile C |       |       |       |       |     3 ||     3
  Use: Scroll            |       |       |       |    20 |       ||    20
       Potion            |       |       |       |     1 |       ||     1
 Stab: Sleeping          |     1 |     3 |       |       |       ||     4
Armor: Robe              |     6 |     6 |     7 |       |     2 ||    21
       Steam dragon scal |       |       |     1 |    18 |       ||    19
       Troll leather arm |       |       |       |       |    12 ||    12
Dodge: Dodged            |    27 |    18 |    29 |    65 |    24 ||   163
Block: Other             |       |       |       |     2 |     8 ||    10

Table legend: (Time is in decaauts)
 A = Elapsed time spent in this place.
 B = Non-inter-level travel time spent in this place.
 C = Inter-level travel time spent in this place.
 D = Time resting spent in this place.
 E = Time spent auto-exploring this place.
 F = Levels seen in this place.
 G = Mean time per level.
                   A        B        C        D        E       F      G
               +--------+--------+--------+--------+--------+-----+--------+
         Total |  15456 |  14900 |    556 |    627 |  12381 |  15 | 1030.4 |
       Dungeon |  13070 |  12571 |    499 |    627 |  10703 |   9 | 1452.2 |
        Temple |    215 |    205 |     10 |      0 |    204 |   1 |  215.0 |
  Orcish Mines |    614 |    567 |     47 |      0 |    374 |   2 |  307.0 |
         Abyss |    170 |    170 |      0 |      0 |      0 |   1 |  170.0 |
        Bailey |    953 |    953 |      0 |      0 |    768 |   1 |  953.0 |
       Volcano |    430 |    430 |      0 |      0 |    332 |   1 |  430.0 |
               +--------+--------+--------+--------+--------+-----+--------+

Top non-repeatable levels by time:
     D:5: 1785 daAuts
     D:8: 1741 daAuts
     D:1: 1732 daAuts
     D:2: 1547 daAuts
     D:4: 1451 daAuts
     D:6: 1419 daAuts
     D:9: 1252 daAuts
     D:3: 1160 daAuts
     D:7: 978 daAuts
  Bailey: 953 daAuts
   Orc:2: 541 daAuts
 Volcano: 430 daAuts
  Temple: 215 daAuts
 Abyss:2: 170 daAuts
   Orc:1: 72 daAuts
